 Dungeon Crawl Stone Soup version 0.28-a0-69-g49dcd67cf8 (webtiles) character file.

Game seed: 5684361065442139416

51 horus123 the Skirmisher (level 3, 0/29 HPs)
             Began as a Demonspawn Abyssal Knight on July 31, 2021.
             Was a Follower of Lugonu.
             Slain by a goblin (6 damage)
             ... led by Robin
             ... on level 2 of the Dungeon.
             The game lasted 00:05:02 (1673 turns).

horus123 the Skirmisher (Demonspawn Abyssal Knight) Turns: 1673, Time: 00:05:02

Health: 0/29       AC:  3    Str: 13    XL:     3   Next: 57%
Magic:  4/4        EV: 10    Int: 13    God:    Lugonu [*.....]
Gold:   72         SH:  3    Dex: 12    Spells: 2/2 levels left

rFire   . . .      SeeInvis .   a - +1 falchion
rCold   + . .      Faith    .   d - +0 buckler
rNeg    . . .      Spirit   .   j - +0 leather armour {rC+}
rPois   .          Reflect  .   (helmet restricted)
rElec   .          Harm     .   (no cloak)
rCorr   .          Rampage  .   (no gloves)
Will    .....                   (no boots)
Stlth   +.........              (no amulet)
HPRegen 0.09/turn               (no ring)
MPRegen 0.09/turn               (no ring)

@: no status effects
A: horns 1, demonic guardian 1
a: Renounce Religion, Depart the Abyss


You were on level 2 of the Dungeon.
You worshipped Lugonu.
Lugonu was aware of your devotion.
You visited 1 branch of the dungeon, and saw 2 of its levels.
You visited the Abyss 1 time.

You collected 72 gold pieces.

Inventory:

Hand Weapons
 a - a +1 falchion (weapon)
Missiles
 e - a throwing net (quivered)
Armour
 d - a +0 buckler (worn)
 j - a +0 leather armour of cold resistance (worn)
Scrolls
 g - a scroll of magic mapping {unknown}
 h - 2 scrolls of enchant armour {unknown}
Potions
 b - a potion of degeneration {unknown}
 c - a potion of resistance {unknown}
 f - a potion of haste {unknown}
 i - a potion of might {unknown}


   Skills:
 + Level 3.4 Fighting
 + Level 2.1 Long Blades
 + Level 2.5 Armour
 + Level 1.4 Dodging
 + Level 0.3 Stealth
 + Level 2.5 Invocations


You had 2 spell levels left.
You didn't know any spells.
Your spell library was empty.

Dungeon Overview and Level Annotations

Branches:
Dungeon (2/15)

Altars:

Annotations:
D:2 Jessica, Robin


Innate Abilities, Weirdness & Mutations

You have a pair of small horns on your head.
A weak demonic guardian rushes to your aid.


Message History

A bat comes into view.
The goblin barely misses you.
You riposte.
You closely miss the goblin. Your headbutt misses the goblin.
The kobold barely misses you.
You riposte.
You hit the kobold.
The kobold is severely wounded.
The goblin hits you but does no damage. The goblin misses you.
You riposte.
You closely miss the goblin. You slash the goblin!
You kill the goblin!
Lugonu accepts your kill. The kobold barely misses you.
You riposte.
You closely miss the kobold.
The kobold is severely wounded.
The goblin closely misses you.
You riposte.
You hit the goblin.
You kill the goblin!
Lugonu accepts your kill.
Jessica casts a spell.
Jessica seems to speed up.
Robin barely misses you. The kobold barely misses you.
You riposte.
You hit the kobold.
You kill the kobold!
Lugonu accepts your kill.
Jessica gestures wildly while chanting.
Jessica blinks!
The bat hits you but does no damage.
You see here a +0 club.
The bat hits you but does no damage.
A scorpion comes into view.
Robin says, "My goblins will feast on your bones."
Robin roars a battlecry!
You hear a shout!
The bat hits you but does no damage. The bat closely misses you.
The bat barely misses you. Robin closely misses you. The bat hits you.
You block Robin's attack. The bat hits you. Robin throws the goblin at you!
You miss the goblin. You block the bat's attack.
The goblin hits you with a +0 club.
* * * LOW HITPOINT WARNING * * *
A demonic guardian appears!
The bat hits you but does no damage.
You closely miss the goblin. Your headbutt misses the goblin.
The bat barely misses you. The goblin hits you with a +0 club.
You die...

#.# #.. # ######
#.#.##
#....#####.#..
###.gb@g5...<.
#)@####..##.
##.####..#
#@.#....#
##...##)#
#..###.#
##.s###.######.
...............
.##..###g####...


You could see Robin, Jessica (fast), a goblin (strong, ally target), a bat and a
friendly ufetubus (summoned).

Vanquished Creatures
  An adder (D:2)
  An endoplasm (D:1)
  2 giant cockroaches (D:2)
  5 hobgoblins
  5 kobolds
  2 quokkas (D:1)
  5 ball pythons
  3 bats (D:1)
  A frilled lizard (D:2)
  12 goblins
  A rat (D:2)
38 creatures vanquished.

Notes
Turn   | Place    | Note
-------+----------+-------------------------------------------
     0 | Abyss:1  | horus123 the Demonspawn Abyssal Knight began the quest for
                  | the Orb.
     0 | Abyss:1  | Reached XP level 1. HP: 18/18 MP: 2/2
    89 | Abyss:1  | Noticed a raiju
    90 | D:1      | Escaped the Abyss
   529 | D:1      | Gained mutation: You have a pair of small horns on your
                  | head. [demonic ancestry]
   529 | D:1      | Reached XP level 2. HP: 22/24 MP: 3/3
   608 | D:1      | Reached * piety under Lugonu
   609 | D:1      | Reached skill level 1 in Dodging
   655 | D:1      | Found a faded altar of an unknown god.
  1474 | D:2      | Noticed Robin
  1474 | D:2      | Noticed Jessica
  1561 | D:2      | Gained mutation: A weak demonic guardian rushes to your
                  | aid. [demonic ancestry]
  1561 | D:2      | Reached XP level 3. HP: 23/29 MP: 4/4
  1666 | D:2      | Noticed a scorpion
  1673 | D:2      | Slain by a goblin

Illustrated notes

Levels and vault maps discovered:
D:1:      minmay_arrival_up_and_down, layout_basic,
          ebering_ecumenical_altar_hall, chequers_serial_rivers_large_b
D:2:      layout_rooms, basic_altar, uniq_robin, uniq_jessica

Skill      XL: |  1  2 |
---------------+-------+-----
Armour         | 2 |  2.5
Dodging        | 1 |  1.4
Long Blades    | 2 |  2.1
Fighting       | |  3.4
Stealth        | |  0.3
Invocations    | |  2.5

Action                   || total
-------------------------++-------
Melee: Falchion          ||    92
       Headbutt          ||     9
Invok: Depart the Abyss  ||     1
Armor: Leather armour    ||    48
Dodge: Dodged            ||    45
Block: Buckler           ||    15
       Rpst.: Falchion   ||    14

Table legend: (Time is in decaauts)
 A = Elapsed time spent in this place.
 B = Non-inter-level travel time spent in this place.
 C = Inter-level travel time spent in this place.
 D = Time resting spent in this place.
 E = Time spent auto-exploring this place.
 F = Levels seen in this place.
 G = Mean time per level.
                   A        B        C        D        E       F      G
               +--------+--------+--------+--------+--------+-----+--------+
         Total |   1726 |   1706 |     20 |    424 |    851 |   3 |  575.3 |
       Dungeon |   1636 |   1616 |     20 |    424 |    776 |   2 |  818.0 |
         Abyss |     90 |     90 |      0 |      0 |     75 |   1 |   90.0 |
               +--------+--------+--------+--------+--------+-----+--------+

Top non-repeatable levels by time:
     D:1: 1437 daAuts
     D:2: 199 daAuts
 Abyss:1: 90 daAuts
